 Dungeon Crawl Stone Soup version 0.28.0 (webtiles) character file.

Game seed: 14930845147894630739

63 Jaqob the Chopper (level 3, -2/31 HPs)
             Began as a Draconian Berserker on Feb 15, 2022.
             Was a Believer of Trog.
             Slain by a bullfrog (5 damage)
             ... on level 3 of the Dungeon.
             The game lasted 00:08:11 (2416 turns).

Jaqob the Chopper (Draconian Berserker)             Turns: 2416, Time: 00:08:12

Health: -2/31      AC:  7    Str: 21    XL:     3   Next: 89%
Magic:  3/3        EV: 12    Int:  7    God:    Trog [**....]
Gold:   75         SH:  0    Dex:  8    Spells: 2/2 levels left

rFire   + . .      SeeInvis +   a - +1 hand axe (vorpal)
rCold   . . .      Faith    .   (no shield)
rNeg    . . .      Spirit   .   (armour unavailable)
rPois   .          Reflect  .   (helmet restricted)
rElec   .          Harm     .   e - +0 cloak
rCorr   .          Rampage  .   (no gloves)
Will    .....                   g - +0 pair of boots
Stlth   +.........              (no amulet)
HPRegen 0.10/turn               d - ring of see invisible
MPRegen 0.08/turn               (no ring)

@: no status effects
A: AC +5, unfitting armour, cold-blooded, clumsy 1, fire resistance 1
a: Renounce Religion, Berserk, Trog's Hand


You were on level 3 of the Dungeon.
You worshipped Trog.
Trog was pleased with you.
You visited 1 branch of the dungeon, and saw 3 of its levels.

You collected 75 gold pieces.

Inventory:

Hand Weapons
 a - a +1 vorpal hand axe (weapon)
 h - a +2 short sword of venom
Missiles
 c - 6 javelins (quivered)
Armour
 e - a +0 cloak (worn)
 g - a +0 pair of boots (worn)
 i - a +0 leather armour
Jewellery
 d - a ring of see invisible (left hand)
Wands
 f - a wand of paralysis (8)
Scrolls
 b - a scroll of fear


   Skills:
 - Level 3.2 Fighting
 * Level 4.3 Axes
 - Level 3.3 Dodging


You had 2 spell levels left.
You didn't know any spells.
Your spell library contained the following spells:

 Spells                   Type           Power      Damage    Failure   Level
 Corpse Rot               Necr/Air       0%         N/A       56%         2
 Poisonous Vapours        Pois/Air       0%         N/A       56%         2


Dungeon Overview and Level Annotations

Branches:
Dungeon (3/15)

Altars:

Annotations:
D:3 Grinder


Innate Abilities, Weirdness & Mutations

Your plain brown scales are hard. (AC +5)
You cannot fit into any form of body armour.
You are cold-blooded and may be slowed by cold attacks.
You are clumsy. (Dex -2)
Your flesh is heat resistant. (rF+)


Message History

f - a wand of paralysis (8) Grinder and a rat come into view.
Grinder gestures at you. You resist with significant effort.
Grinder gestures at you. Pain shoots through your body!
Grinder gestures at you. Pain shoots through your body!
You are too injured to fight recklessly!
You are too injured to fight recklessly!
An endoplasm comes into view.
Found a potion of brilliance.
Grinder gestures at you.
You barely resist.
You see here a scroll labelled NAENEO TUURU.
Grinder says, "Don't move a muscle."
Grinder blinks!
The endoplasm quivers.
Grinder gestures at you. Pain shoots through your body!
* * * LOW HITPOINT WARNING * * *
You see here a scroll labelled NAENEO TUURU.
Grinder blinks!
Grinder blinks!
A bullfrog comes into view.
The bullfrog gives a loud, deep croak!
You hit the endoplasm but do no damage. You tail-slap the endoplasm.
You kill the endoplasm!
Trog accepts your kill. The bullfrog misses you.
You barely miss the bullfrog. The bullfrog closely misses you.
You closely miss the bullfrog.
Your tail-slap misses the bullfrog.
The bullfrog closely misses you. The bullfrog hits you.
* * * LOW HITPOINT WARNING * * *
You barely miss the bullfrog.
The bullfrog hits you but does no damage.
You closely miss the bullfrog.
The bullfrog hits you but does no damage.
The bullfrog hits you.
You die...

#..### #..##
#..#.. ...! #..#.#
#..# . ###..#.#
#..# ##..
.....#.###..#.....
###..............
#....r.?.........
#.###F###........
#
#.##.@...........
#.##
#.##..###.......#
... #.##..#
##.....##
#####.##.##..###
....##
................
...##
#...........###
.#.# #.##.##.##.##
#.##.##.###
#.........#


You could see a bullfrog and a rat.

Vanquished Creatures
  An adder (D:2)
  A dart slug (D:1)
  4 ball pythons (D:1)
  6 endoplasms
  A giant cockroach (D:2)
  6 goblins
  2 hobgoblins
  3 jackals (D:1)
  7 bats
  5 frilled lizards
  9 kobolds
  9 rats
54 creatures vanquished.

Vanquished Creatures (others)
  A plant (D:1)
1 creature vanquished.

Grand Total: 55 creatures vanquished

Notes
Turn   | Place    | Note
-------+----------+-------------------------------------------
     0 | D:1      | Jaqob the Draconian Berserker began the quest for the Orb.
     0 | D:1      | Reached XP level 1. HP: 19/19 MP: 1/1
   191 | D:1      | Reached XP level 2. HP: 26/26 MP: 2/2
   515 | D:1      | Found a faded altar of an unknown god.
  1209 | D:1      | Reached ** piety under Trog
  1210 | D:1      | Reached XP level 3. HP: 31/31 MP: 3/3
  1494 | D:2      | Reached skill level 4 in Axes
  2354 | D:2      | Gained mutation: You are clumsy. (Dex -2) [potion of
                  | mutation]
  2354 | D:2      | Gained mutation: Your flesh is heat resistant. (rF+)
                  | [potion of mutation]
  2397 | D:3      | Noticed Grinder
  2407 | D:3      | Noticed a bullfrog
  2416 | D:3      | Slain by a bullfrog

Illustrated notes

Levels and vault maps discovered:
D:1:      sevenhm_arrival_forest_fort_large_4, layout_basic,
          shapermc_ecumenical_altar_pompeii
D:2:      layout_basic
D:3:      layout_loops_ring, vehumet_crystals, serial_shops, shop,
          gammafunk_ghost_icy, uniq_grinder

Skill      XL: |  1  2  3 |
---------------+----------+-----
Dodging        | 3 |  3.3
Axes           | 4 |  4.3
Fighting       | |  3.2

Action                   || total
-------------------------++-------
Melee: Hand axe          ||   137
       Tailslap          ||    18
       Punch             ||     1
  Use: Scroll            ||     7
       Potion            ||     3
 Stab: Sleeping          ||     2
       Distracted        ||     1
Armor: Skin              ||    42
Dodge: Dodged            ||    70
